 Dungeon Crawl Stone Soup version 0.19.1 (webtiles) character file.

799 Monsterracer the Firebug (level 7, -2/36 HPs)
             Began as a Deep Elf Fire Elementalist on Nov 26, 2016.
             Was a Follower of Sif Muna.
             Shot with an arrow by a centaur (12 damage)
             ... on level 6 of the Dungeon.
             The game lasted 00:18:58 (7096 turns).

Monsterracer the Firebug (DEFE)                     Turns: 7096, Time: 00:18:58

Health: -2/36      AC:  5    Str: 10    XL:     7   Next: 59%
Magic:  17/17      EV: 13    Int: 22    God:    Sif Muna [*.....]
Gold:   323        SH:  0    Dex: 15    Spells: 4 memorised, 4 levels left

rFire  + . .     SeeInvis .     e - +0 short sword
rCold  . . .     Gourm    .     o - +1 animal skin
rNeg   . . .     Faith    .     (no shield)
rPois  .         Spirit   .     r - +1 helmet
rElec  .         Reflect  .     (no cloak)
rCorr  .         Harm     .     (no gloves)
MR     .....                    (no boots)
Stlth  ++........               (no amulet)
                                (no ring)
                                q - ring of protection from fire

@: mighty
A: no striking features
a: Divine Energy, Renounce Religion


You were on level 6 of the Dungeon.
You worshipped Sif Muna.
Sif Muna was aware of your devotion.
You were not hungry.

You visited 2 branches of the dungeon, and saw 7 of its levels.

You collected 323 gold pieces.

Inventory:

Hand Weapons
 e - a +0 short sword (weapon)
Armour
 o - a +1 animal skin (worn)
 r - a +1 helmet (worn)
Jewellery
 q - a ring of protection from fire (left hand)
Wands
 k - a wand of teleportation (2/9)
 w - a wand of digging (15/24)
Scrolls
 g - 3 scrolls of enchant armour {unknown}
 h - 4 scrolls of identify {unknown}
 i - 2 scrolls of fear {unknown}
 j - 7 scrolls of remove curse {unknown}
 l - 4 scrolls of enchant weapon {unknown}
 m - 2 scrolls of amnesia {unknown}
 n - 3 scrolls of immolation {unknown}
 p - a scroll of magic mapping {unknown}
 s - a scroll of recharging {unknown}
 t - a scroll of acquirement {unknown}
 u - 3 scrolls of random uselessness {unknown}
Books
 b - a book of Flames

   Spells                             Type                      Level
   a - Flame Tongue                   Conjuration/Fire             1
   b - Throw Flame                    Conjuration/Fire             2
   c - Conjure Flame                  Conjuration/Fire             3
   d - Inner Flame                    Hexes/Fire                   3
   e - Sticky Flame                   Conjuration/Fire             4
   f - Fireball                       Conjuration/Fire             5
Comestibles
 c - 2 bread rations
 f - 2 meat rations
 v - 3 fruits
 x - 3 chunks of flesh


   Skills:
 - Level 2.4 Dodging
 - Level 2.4 Stealth
 + Level 5.5 Spellcasting
 * Level 5.9 Conjurations
 * Level 6.8 Fire Magic


You had 4 spell levels left.
You knew the following spells:

 Your Spells              Type           Power        Failure   Level  Hunger
a - Flame Tongue          Conj/Fire      ####.        1%          1    None
b - Conjure Flame         Conj/Fire      ####....     1%          3    ##.....
c - Sticky Flame          Conj/Fire      ####....     10%         4    ####...
d - Fireball              Conj/Fire      ####......   21%         5    #####..


Dungeon Overview and Level Annotations

Branches:
Dungeon (6/15)             Temple (1/1) D:4

Altars:
Ashenzari
Cheibriados
Dithmenos
Elyvilon
Fedhas
Gozag
Hepliaklqana
Makhleb
Nemelex Xobeh
Okawaru
Qazlal
Ru
Sif Muna
Trog
Xom
Yredelemnul
Zin
The Shining One

Annotations:
D:2 Sigmund


Message History

Press: ? - help, Shift-Dir - straight line, f - centaur
Aim: a centaur, wielding a shortbow The flame tongue hits the centaur.
The centaur appears unharmed.
The centaur shoots an arrow.
The arrow hits you!
* * * LOW HITPOINT WARNING * * *
You feel better.
The centaur shoots an arrow.
The arrow hits you.
* * * LOW HITPOINT WARNING * * *
You feel better.
The centaur shoots an arrow.
The arrow barely misses you.
The centaur shoots an arrow.
The arrow hits you.
* * * LOW HITPOINT WARNING * * *
You feel better.
The centaur shoots an arrow.
The arrow hits you!
* * * LOW HITPOINT WARNING * * *
You feel better.
The centaur shoots an arrow.
The arrow hits you.
* * * LOW HITPOINT WARNING * * *
The centaur shoots an arrow.
The arrow hits you.
* * * LOW HITPOINT WARNING * * *
You feel better.
You feel very mighty all of a sudden.
The centaur shoots an arrow.
The arrow hits you!
You die...

#........# #..#
#.# #........#
#..# #.#
#......### #...
... ###.#..#
#.#.# .[.
#.#..# .....
(.. #.#..###
#....#
#.#.(..#.#
.#####.#(.....#
.......@.##...#
####...../....#
#.c...######
#.....# #.....#
......#
######## #....#
#.##.#


You could see a centaur.

Vanquished Creatures
  Grinder (D:5)
  A phantom (D:6)
  An ogre (D:6)
  A scorpion (D:5)
  A centaur skeleton (D:6)
  An orc wizard (D:5)
  Jessica (D:2)
  2 iguanas (D:4)
  A worker ant (D:4)
  A hound skeleton (D:4)
  Robin (D:1)
  A howler monkey skeleton (D:6)
  3 gnolls (D:5)
  3 adders
  A shadow imp (D:6)
  2 adder skeletons (D:5)
  3 worms
  3 dart slugs (D:1)
  7 leopard geckos
  7 orcs (D:5)
  5 giant cockroaches
  15 goblins
  12 hobgoblins
  6 jackals
  10 kobolds
  A quokka (D:5)
  A ball python (D:1)
  10 bats
  13 frilled lizards
  6 rats
121 creatures vanquished.

Notes
Turn   | Place    | Note
-------+----------+-------------------------------------------
     0 | D:1      | Monsterracer the Deep Elf Fire Elementalist began the quest for the Orb.
     0 | D:1      | Reached XP level 1. HP: 10/10 MP: 6/6
   229 | D:1      | Reached XP level 2. HP: 13/15 MP: 2/8
   935 | D:1      | Reached XP level 3. HP: 13/19 MP: 5/9
  1034 | D:1      | Learned a level 3 spell: Conjure Flame
  1413 | D:2      | Noticed Robin
  1437 | D:2      | Reached skill level 4 in Fire Magic
  1669 | D:1      | Killed Robin
  1974 | D:2      | Noticed Jessica
  1980 | D:2      | Killed Jessica
  1980 | D:2      | Reached XP level 4. HP: 24/24 MP: 7/11
  2015 | D:2      | Learned a level 4 spell: Sticky Flame
  2597 | D:2      | Found a shadowy altar of Dithmenos.
  2676 | D:2      | Found a sparkling altar of Nemelex Xobeh.
  2682 | D:2      | Noticed Sigmund
  3350 | D:3      | Reached XP level 5. HP: 28/28 MP: 9/13
  4027 | D:3      | Reached skill level 5 in Fire Magic
  4324 | D:4      | Found a staircase to the Ecumenical Temple.
  4333 | Temple   | Entered the Ecumenical Temple
  4401 | Temple   | Became a worshipper of Sif Muna the Loreminder
  4523 | D:4      | Found a snail-covered altar of Cheibriados.
  4615 | D:4      | Found an opulent altar of Gozag.
  4622 | D:4      | Found a blossoming altar of Fedhas.
  4625 | D:4      | Found a bloodstained altar of Trog.
  4709 | D:4      | Got a polished ring mail
  4720 | D:4      | Identified the +4 ring mail of the Gate {-Cast rElec rCorr Dex+5} (You found it on level 4 of the Dungeon)
  5046 | D:5      | Entered Level 5 of the Dungeon
  5108 | D:5      | Reached XP level 6. HP: 32/32 MP: 3/14
  5200 | D:5      | Noticed Grinder
  5207 | D:5      | Killed Grinder
  5207 | D:5      | Reached skill level 5 in Conjurations
  5207 | D:5      | Reached skill level 6 in Fire Magic
  5508 | D:5      | Reached skill level 5 in Spellcasting
  5529 | D:5      | Reached XP level 7. HP: 21/36 MP: 2/16
  5919 | D:5      | Reached * piety under Sif Muna
  5943 | D:5      | Learned a level 5 spell: Fireball
  6205 | D:5      | Found a glowing golden altar of the Shining One.
  6598 | D:6      | Found a basalt altar of Yredelemnul.
  7090 | D:6      | HP: 1/36 [centaur/arrow (12)]
  7096 | D:6      | Shot with an arrow by a centaur

Skill      XL: |  1  2  3  4  5  6 |
---------------+-------------------+-----
Conjurations   | 2 3 4 5 |  5.9
Fire Magic     | 4 5 6 |  6.8
Spellcasting   | 4 5 |  5.5
Dodging        | |  2.4
Stealth        | |  2.4

Action                   |  1- 3 |  4- 6 |  7- 9 || total
-------------------------+-------+-------+-------++-------
Melee: Short sword       |    11 |    47 |    33 ||    91
       Unarmed           |     3 |       |       ||     3
 Cast: Flame Tongue      |    86 |   105 |    54 ||   245
       Conjure Flame     |       |     5 |     1 ||     6
       Sticky Flame      |       |     6 |     4 ||    10
  Use: Potion            |     2 |     4 |     6 ||    12
  Eat: Chunk             |     3 |    10 |     5 ||    18
       Beef jerky        |       |     1 |       ||     1
       Fruit             |       |       |     1 ||     1
Armor: Robe              |     8 |       |       ||     8
       Animal skin       |       |    21 |    22 ||    43
Dodge: Dodged            |    60 |    54 |    39 ||   153
